AoeStats
← Khirs

Nomad

506164437Analyzed
4v4 RM · 19d ago on Sep 12, 2026· 34m 39s· 8 players
Game mode
Random Map
Map size
231×231
Population
200
Speed
Normal
Resources
Standard
Victory
Conquest
Starting age
Dark Age
Ending age
Imperial Age
RankedLock teamsTeams togetherTeam positionsShared explorationLock speedFull tech treeHidden civsTurbo modeCheats
Victory
Defeat
🇨🇳 Byzantines · China
921
+14
🇦🇷 Persians · Argentina
918
+14
🇦🇷 Magyars · Argentina
865
+16
🇦🇷 Ethiopians · Argentina
783
+19
🇪🇸 Chinese · Spain
890
-17
🇪🇸 Mongols · Spain
863
-16
🇦🇹 Dravidians · Austria
859
-15
🇩🇪 Saracens · Germany
853
-15
Khirs
5:08 Loom
15:50 Feudal Age
18:28 Horse Collar
19:23 Man-at-Arms
23:11 Scale Mail Armor
27:36 Forging
29:18 Fletching
Tha_JB
6:17 Loom
16:08 Feudal Age
18:20 Town Watch
19:11 Wheelbarrow
20:24 Double-Bit Axe
21:52 Fishing Lines
24:23 Fletching
28:48 Castle Age
29:48 Hand Cart
29:47 Bow Saw
31:06 Husbandry
31:20 Bloodlines
36:07 Imperial Age
34:33 Scale Barding Armor
34:15 Elite Skirmisher
Surfacegen
8:31 Loom
17:31 Feudal Age
18:36 Double-Bit Axe
18:34 Horse Collar
20:09 Fletching
20:19 Padded Archer Armor
24:43 Stone Mining
28:56 Castle Age
rauni11
7:39 Loom
14:06 Feudal Age
19:29 Castle Age
18:19 Double-Bit Axe
21:04 Bow Saw
21:24 Medium Warships
24:28 Fletching
33:47 Bodkin Arrow
34:34 Wheelbarrow
34:00 Stone Mining
34:00 Gold Mining
Camalote
12:35 Feudal Age
12:22 Loom
18:49 Castle Age
18:28 Double-Bit Axe
18:40 Fletching
19:29 Medium Warships
22:30 Scale Barding Armor
23:11 Wheelbarrow
22:56 Bloodlines
24:15 Fishing Lines
26:41 Forging
29:29 Horse Collar
34:10 Imperial Age
33:07 Iron Casting
32:35 Gold Mining
34:33 Husbandry
fedetiberio
4:45 Loom
17:13 Feudal Age
17:44 Double-Bit Axe
18:39 Town Watch
19:27 Fishing Lines
20:50 Gold Mining
20:51 Stone Mining
23:47 Wheelbarrow
24:00 Fletching
24:11 Padded Archer Armor
26:35 Castle Age
27:28 Thumb Ring
26:46 Crossbowman
28:44 Town Patrol
28:45 Murder Holes
29:07 Clinker Construction
29:36 Bodkin Arrow
30:33 Gold Shaft Mining
30:26 Leather Archer Armor
31:24 Ballistics
jm_lage
4:08 Loom
15:24 Feudal Age
16:49 Wheelbarrow
16:04 Double-Bit Axe
21:48 Castle Age
20:45 Fletching
23:20 Thumb Ring
26:55 Gold Mining
26:56 Stone Mining
27:02 Stone Mining
29:35 Masonry
31:01 Ballistics
31:01 Padded Archer Armor
32:46 Horse Collar
33:24 Hand Cart
34:08 Corvinian Army
Delete game
5:41 Loom
16:19 Feudal Age
19:18 Forging
18:43 Man-at-Arms
20:23 Arson
20:56 Scale Mail Armor
23:23 Castle Age
23:38 Fletching
25:47 Stone Mining
31:51 Double-Bit Axe
Connection lost

Rejoining the realm…

Still unreachable

The connection could not be restored.

Session expired

The server has moved on; the page needs a fresh start.